 Dungeon Crawl Stone Soup version 0.28.0 (webtiles) character file.

Game seed: 4689806798412224288

2961 horus123 the Cudgeller (level 9, 0/65 HPs)
             Began as a Barachi Gladiator on Feb 16, 2022.
             Was a Priest of the Shining One.
             Slain by a killer bee (6 damage)
             ... on level 7 of the Dungeon.
             The game lasted 00:13:30 (8407 turns).

horus123 the Cudgeller (Barachi Gladiator)          Turns: 8407, Time: 00:13:30

Health: 0/65       AC:  9    Str: 15    XL:     9   Next: 81%
Magic:  25/25      EV: 12    Int: 18    God:    the Shining One [***...]
Gold:   424        SH:  0    Dex: 16    Spells: 15/18 levels left

rFire   . . .      SeeInvis .   b - +6 mace of the Unstoppable Knives {holy, rPois MP+9 Dex+3}
rCold   . . .      Faith    .   (no shield)
rNeg    + + .      Spirit   .   n - +0 ring mail of the Good {Int+4}
rPois   +          Reflect  .   c - +2 helmet
rElec   .          Harm     .   G - +0 cloak
rCorr   .          Rampage  .   (no gloves)
Will    +....                   (no boots)
Stlth   +.........              u - macabre finger necklace {rN+}
HPRegen 0.20/turn               k - ring of willpower
MPRegen 0.19/turn               (no ring)
                                (no ring)

@: lethally poisoned (0 -> -3), glowing, slow
A: amphibious, slowness 1, strong legs 1, +LOS
a: Hop, Renounce Religion, Divine Shield, Cleansing Flame


You were on level 7 of the Dungeon.
You worshipped the Shining One.
The Shining One was most pleased with you.
You visited 2 branches of the dungeon, and saw 9 of its levels.
You also visited: Ossuary.

You collected 424 gold pieces.

Inventory:

Hand Weapons
 a - a +0 long sword
 b - the +6 mace of the Unstoppable Knives (weapon) {holy, rPois MP+9 Dex+3}
   (You found it on level 3 of the Dungeon)

   It has been blessed by the Shining One to cause great damage to the undead
   and demons.
   Dex:       It affects your dexterity (+3).
   rPois:     It protects you from poison.
   MP:        It affects your magic capacity (+9).
Missiles
 d - 6 throwing nets
 e - 3 atropa-tipped darts
 f - 16 bolts
 m - 3 boomerangs (quivered)
 s - 10 poisoned darts
Armour
 c - a +2 helmet (worn)
 n - the +0 ring mail of the Good (worn) {Int+4}
   (You found it on level 2 of the Dungeon)

   Int:       It affects your intelligence (+4).
 G - a +0 cloak (worn)
Jewellery
 i - an amulet of the acrobat
 k - a ring of willpower (left hand)
 u - the macabre finger necklace (around neck) {rN+}
   (You found it on level 5 of the Dungeon)

   [amulet of nothing]

   It enables you to equip an extra ring.
   rN:        It protects you from negative energy.
 I - a ring of positive energy
Wands
 w - a wand of polymorph (10)
 C - a wand of paralysis (12)
Scrolls
 l - a scroll of enchant armour
 p - a scroll of teleportation
 r - a scroll of immolation
 v - a scroll of enchant weapon
 y - 3 scrolls of vulnerability {unknown}
 A - a scroll of acquirement {unknown}
 B - a scroll of blinking {unknown}
 D - 5 scrolls of identify
 E - a scroll of holy word {unknown}
 F - a scroll of magic mapping {unknown}
Potions
 g - 2 potions of lignification {unknown}
 h - 2 potions of attraction {unknown}
 o - 2 potions of mutation {unknown}
 q - a potion of flight {unknown}
 t - 2 potions of degeneration {unknown}
 x - a potion of magic {unknown}
 z - a potion of haste {unknown}
 H - 2 potions of might {unknown}
 J - a potion of resistance {unknown}


   Skills:
 - Level 4.1 Fighting
 - Level 4.3 Long Blades
 - Level 7.4 Maces & Flails
 - Level 3.5 Throwing
 - Level 3.2 Dodging
 - Level 5.0 Spellcasting
 + Level 5.4 Conjurations
 - Level 6.5 Invocations


You had 15 spell levels left.
You knew the following spells:

 Your Spells              Type           Power      Damage    Failure   Level
a - Stone Arrow           Conj/Erth      28%        3d8       26%         3

Your spell library contained the following spells:

 Spells                   Type           Power      Damage    Failure   Level
 Sandblast                Erth           8%         2d5       26%         1
 Passwall                 Tmut/Erth      3%         N/A       36%         2
 Sublimation of Blood     Necr           4%         N/A       36%         2
 Wereblood                Tmut           4%         N/A       36%         2
 Animate Dead             Necr           2%         N/A       95%         4
 Borgnjor's Vile Clutch   Necr/Erth      2%         N/A       100%        5
 Death Channel            Necr           2%         N/A       100%        6
 Summon Hydra             Summ           2%         N/A       100%        7


Dungeon Overview and Level Annotations

Branches:
Dungeon (8/15)             Temple (1/1) D:4         Ossuary (visited)
   Lair: D:8-11

Altars:
Ashenzari
Dithmenos
Elyvilon
Fedhas
Gozag
Hepliaklqana
Kikubaaqudgha
Makhleb
Okawaru
Qazlal
Ru
Sif Muna
Trog
Uskayaw
Vehumet
Wu Jian
Xom
Yredelemnul
Zin
The Shining One

Shops:
D:1 *   D:2 [   D:3 (   D:4 ?


Innate Abilities, Weirdness & Mutations

You are amphibious.
You cover ground slowly.
You can hop short distances.
You have an extended range of vision and can be seen from far away.


Message History

The water moccasin misses you.
You hit the water moccasin.
The water moccasin is severely wounded.
The water moccasin closely misses you. The water moccasin barely misses you.
You sock the water moccasin!
You kill the water moccasin!
You start resting.
A killer bee comes into view.
A killer bee is nearby!
The killer bee buzzes angrily.
A killer bee comes into view.
A killer bee comes into view.
A killer bee comes into view.
The killer bee stings you.
A killer bee comes into view.
The killer bee barely misses you. The killer bee stings you.
The killer bee buzzes angrily.
The killer bee stings you but does no damage.
The killer bee stings you. The killer bee closely misses you.
The killer bee barely misses you.
There is a stone staircase leading up here.
The killer bee stings you but does no damage.
The killer bee stings you.
The killer bee stings you but does no damage.
The killer bee barely misses you.
You climb upwards.
There is a stone staircase leading down here.
The killer bee stings you.
The killer bee stings you but does no damage.
The killer bee stings you.
The killer bee stings you but does no damage.
The killer bee stings you.
* * * LOW HITPOINT WARNING * * *
You are poisoned.
The killer bee poisons you! The killer bee misses you.
The killer bee closely misses you. x2
You feel sick. The killer bee completely misses you. The killer bee stings you.
* * * LOW HITPOINT WARNING * * *
You feel sick. The killer bee stings you.
You die...

###......#.................#.....
##.......#......##...............
.........###....#......8.8.8.....
........##..........)............
.........##..#.>.........#.8..##.
.8.8....##..##.........###.......
.........#.......#......#........
...........#...yy#####...........
...........##...@..##....#.......
............#.............#......
.................##..........###.
.................###)........###.
..........##.................#...
...8......#..........##......##..
......#.#...........###.......#..
......#..#.........#.>#..........
......#.##........)......##.#..##


You could see 2 killer bees.

Vanquished Creatures
  Grinder (D:6)
  Prince Ribbit (D:8)
  A wyvern (D:5)
  3 water moccasins
  2 black bears
  A sky beast (D:5)
  2 centaurs
  A phantom (D:5)
  4 elf zombies (Ossuary)
  A kobold brigand (D:7)
  A gnoll sergeant (D:7)
  2 scorpions
  5 howler monkeys
  6 centaur zombies
  4 human zombies (Ossuary)
  A hound (D:5)
  An orc priest (D:4)
  A gnoll shaman (D:4)
  A centaur skeleton (D:6)
  2 bullfrog skeletons (D:6)
  An iguana (D:5)
  A scorpion zombie (D:5)
  3 orc wizards (D:3)
  3 mummies (Ossuary)
  11 gnolls
  5 adders
  A river rat (D:3)
  A shadow imp (D:6)
  A white imp (D:6)
  2 adder skeletons (D:4)
  2 worms
  The ghost of Dvallin the Sneak, a weakling FoDe of Uskayaw (D:5)
  A dart slug (D:4)
  12 orcs
  5 bats
  2 endoplasms
  8 giant cockroaches
  8 goblins
  8 hobgoblins
  11 jackals
  8 kobolds
  3 quokkas
  7 ball pythons
  4 frilled lizards
  7 rats
157 creatures vanquished.

Vanquished Creatures (others)
  2 bushes (D:8)
  3 fungi (D:8)
  23 plants (D:8)
28 creatures vanquished.

Grand Total: 185 creatures vanquished

Notes
Turn   | Place    | Note
-------+----------+-------------------------------------------
     0 | D:1      | horus123 the Barachi Gladiator began the quest for the Orb.
     0 | D:1      | Reached XP level 1. HP: 17/17 MP: 1/1
    88 | D:1      | Found Ziufyacw's General Store.
   154 | D:1      | Reached XP level 2. HP: 23/24 MP: 2/2
   429 | D:1      | Reached XP level 3. HP: 30/30 MP: 3/3
   917 | D:1      | Found a faded altar of an unknown god.
  1052 | D:2      | Found Saecua's Antique Armour Boutique.
  1120 | D:2      | Reached XP level 4. HP: 33/37 MP: 4/4
  1304 | D:2      | Found a sacrificial altar of Ru.
  1751 | D:2      | Identified the +0 ring mail of the Good {Int+4}
  1893 | D:3      | HP: 1/37 [orc (2)]
  1945 | D:3      | HP: 1/37 [adder (2)]
  2283 | D:3      | Identified the +6 mace of the Unstoppable Knives {holy,
                  | rPois MP+9 Dex+3}
  2292 | D:3      | Reached XP level 5. HP: 42/42 MP: 5/5
  2302 | D:3      | Reached skill level 1 in Maces & Flails
  2480 | D:3      | Reached skill level 2 in Maces & Flails
  2915 | D:3      | Found Sobithrif's Antique Weapon Emporium.
  3329 | D:4      | Reached skill level 3 in Maces & Flails
  3379 | D:4      | Found a staircase to the Ecumenical Temple.
  3397 | Temple   | Entered the Ecumenical Temple
  3862 | Temple   | Became a worshipper of the Shining One
  3988 | D:4      | Reached skill level 1 in Invocations
  3988 | D:4      | Reached XP level 6. HP: 11/48 MP: 6/6
  5010 | D:4      | Found Zudiof's Magic Scroll Boutique.
  5228 | D:5      | Entered Level 5 of the Dungeon
  5266 | D:5      | Reached * piety under the Shining One
  5388 | D:5      | Found a sand-covered staircase.
  5389 | D:5      | Noticed a wyvern
  5395 | Ossuary  | Entered an ossuary
  5414 | Ossuary  | Reached XP level 7. HP: 36/54 MP: 10/10
  5438 | Ossuary  | Reached skill level 5 in Invocations
  5634 | Ossuary  | Reached ** piety under the Shining One
  5766 | Ossuary  | Reached XP level 8. HP: 60/60 MP: 12/12
  5837 | D:5      | Killed a wyvern
  5838 | D:5      | Reached skill level 4 in Maces & Flails
  5852 | D:5      | Reached skill level 5 in Maces & Flails
  6096 | D:5      | Found a runed translucent gate.
  6096 | D:5      | Found a runed translucent gate.
  6096 | D:5      | Found a runed translucent gate.
  6096 | D:5      | Noticed Dvallin's ghost (weakling FoDe)
  6134 | D:5      | Reached skill level 6 in Maces & Flails
  6305 | D:5      | Found the macabre finger necklace {rN+}
  6314 | D:5      | Reached skill level 7 in Maces & Flails
  6612 | D:5      | Killed Dvallin's ghost
  6669 | D:6      | Reached XP level 9. HP: 65/65 MP: 13/13
  6673 | D:6      | Learned a level 3 spell: Stone Arrow
  6715 | D:6      | Reached skill level 1 in Spellcasting
  6836 | D:6      | Noticed Grinder
  6845 | D:6      | Killed Grinder
  6845 | D:6      | Reached *** piety under the Shining One
  7713 | D:7      | Reached skill level 5 in Spellcasting
  7902 | D:7      | Reached skill level 1 in Conjurations
  8191 | D:8      | Noticed Prince Ribbit
  8215 | D:8      | Killed Prince Ribbit
  8243 | D:8      | Reached skill level 5 in Conjurations
  8407 | D:7      | Slain by a killer bee

Illustrated notes

Levels and vault maps discovered:
D:1:      nzn_arrival_crosshair, layout_basic,
          dilly_ecumenical_altar_fadedgnrine, serial_shops, shop,
          ebering_dispersal_statue_hall
D:2:      layout_basic, serial_corexii_hall, corexii_hall_statues_i,
          corexii_hall_statues_s, basic_altar, serial_shops, shop,
          dk_noncrumbling_3
D:3:      layout_basic, serial_shops, shop, gup_sewer_entry_spiral,
          minmay_liquid_box
D:4:      nicolae_cairo_tiling_very_big, layout_loops_ring,
          minmay_temple_entry_hall, hangedman_abyss_or_decor_jellyfish_corner,
          nicolae_take_the_stairs
D:5:      layout_loops_cross, ebering_ghost_rock_garden,
          nicolae_ossuary_entry_plus, kennysheep_generic_room_3
D:6:      layout_loops_ring, uniq_grinder
D:7:      layout_cave_pools, serial_column_ruins, column_ruins_square_large,
          column_ruins_hut_water, column_ruins_columns_corner,
          column_ruins_grid_1, column_ruins_open_tiny, column_ruins_columns_T,
          column_ruins_open_tiny
D:8:      layout_cave_pools, minmay_lair_entry_grove, uniq_psyche,
          uniq_prince_ribbit1
Temple:   mainiacjoe_temple_cubbyholes

Skill      XL: |  1  2  3  4  5  6  7  8  9 |
---------------+----------------------------+-----
Fighting       | 3 4 |  4.1
Long Blades    | 4 |  4.3
Throwing       | 3 |  3.5
Maces & Flails | 3 7 |  7.4
Invocations    | 1 4 6 |  6.5
Spellcasting   | 5 |  5.0
Conjurations   | 5 |  5.4
Dodging        | |  3.2

Action                   |  1- 3 |  4- 6 |  7- 9 || total
-------------------------+-------+-------+-------++-------
Melee: Long sword        |    98 |    55 |       ||   153
       Punch             |     1 |     2 |     4 ||     7
       Mace              |       |   135 |   208 ||   343
Throw: Boomerang         |       |     8 |       ||     8
Invok: Divine Shield     |       |       |     1 ||     1
  Use: Scroll            |     2 |     1 |     3 ||     6
       Potion            |     2 |     3 |     3 ||     8
Armor: Leather armour    |    40 |     2 |       ||    42
       Ring mail         |       |    70 |    89 ||   159
Dodge: Dodged            |   104 |   133 |   171 ||   408
Block: Other             |       |       |    12 ||    12
